← All builds
Suicide front / Armada / Factory first / OBSERVED BUILD

Standard suicide front

Armada Suicide front build order · Supreme Isthmus

The role's standard play: bot lab first, Rocketeer/Centurion/Pawn based force pushes into the middle to contest and hold it until T2 arrives.

Usually lab first (63%)

#rush #push · 1309 distinct matches · 127 players · 71% of Armada Suicide front games · team won 59% of 1550 · Recently observed

HOW TO PLAY IT

Key timing: Bot Lab by 0:20

  1. Open with mex and wind, drop Bot Lab immediately.
  2. Push out first "Centurion" as Pond's boost lands.
  3. Send "Rocketeer", "Centurion", "Pawn" mix to contest middle.
  4. Add Dragon's Teeth and Sentries to hold the line.
  5. Get Advanced Metal Extractor up as T2 nears.

Phase by phase

TYPICAL OF ITS 1309 GAMES
  1. 1
  2. 2
  3. 3
PLAY THE OPENING

Follow the example game's first 6:00 step by step: what to build now, what comes next, and where it goes. At 1× it keeps pace with your own game.

  1. 1

    Bot Lab first

    Order
    1. Bot LabBot Lab done ~0:20, middle half 0:20–0:33

    Some games also: mex (37%)

  2. 2

    Bot Lab to 5:00

    Economy
    • Metal Extractor5Mex
    • Wind Turbine4Wind
    Builders
    • Construction Bot3 Con bot
    • Lazarus2 Lazarus
    Army
    • Sentry4 Sentry
    • Rocketeer17 Rocketeer
    • Tick2 Tick
    • Centurion1 Centurion
    Other
    • Radar Tower1 Radar Tower

    Some games also: con turret (35%) · pawn (33%)

    By 5:00 in all: 5 mex · 4 wind

    The example game in this phase · 30 steps
    1. LazarusLazarus
    2. Mex
    3. PawnPawn
    4. Construction BotCon bot
    5. Wind
    6. Construction BotCon bot
    7. CenturionCenturion
    8. Mex
    9. Radar TowerRadar Tower
    10. CenturionCenturion
    11. Mex
    12. RocketeerRocketeer
    13. SentrySentry
    14. RocketeerRocketeer ×2
    15. BeamerBeamer
    16. RocketeerRocketeer ×2
    17. BeamerBeamer
    18. TickTick
    19. LazarusLazarus
    20. CenturionCenturion
    21. RocketeerRocketeer ×2
    22. Construction BotCon bot
    23. BeamerBeamer
    24. Construction BotCon bot
    25. BeamerBeamer ×2
    26. RocketeerRocketeer ×3
    27. TickTick
    28. LazarusLazarus
    29. BeamerBeamer
    30. CenturionCenturion
  3. 3

    5:00 to 10:00

    Economy
    • Metal Extractor1Mex
    • Wind Turbine17Wind
    Builders
    • Construction Turret2 Con turret
    • Lazarus2 Lazarus
    • Construction Bot1 Con bot
    Army
    • Sentry1 Sentry
    • Rocketeer8 Rocketeer
    • Pawn1 Pawn

    Some games also: tick (47%) · Radar Tower (46%) · energy storage (46%) · centurion (45%) · Beamer (39%)

    By 10:00 in all: 6 mex · 23 wind · 1 energy storage · 3 con turret

    The example game in this phase · 111 steps
    1. RocketeerRocketeer
    2. OverwatchOverwatch
    3. RocketeerRocketeer ×4
    4. TickTick
    5. LazarusLazarus
    6. Dragon's TeethDragon's Teeth
    7. CenturionCenturion
    8. Con turret
    9. RocketeerRocketeer ×2
    10. Wind
    11. Sneaky PeteSneaky Pete
    12. Wind
    13. RocketeerRocketeer
    14. Wind ×2
    15. RocketeerRocketeer ×2
    16. TickTick
    17. LazarusLazarus
    18. Wind
    19. CenturionCenturion
    20. Wind ×2
    21. Dragon's ClawDragon's Claw
    22. Wind
    23. RocketeerRocketeer ×3
    24. Con turret
    25. RocketeerRocketeer ×2
    26. TickTick
    27. LazarusLazarus
    28. CenturionCenturion ×2
    29. TickTick ×2
    30. Solar
    31. TickTick ×6
    32. Wind
    33. LazarusLazarus ×2
    34. Wind ×2
    35. TickTick ×4
    36. Wind
    37. Construction BotCon bot ×2
    38. Wind
    39. TickTick ×2
    40. Wind
    41. Con turret
    42. TickTick ×2
    43. Wind
    44. TickTick ×5
    45. Wind
    46. Con turret
    47. TickTick
    48. Advanced Metal ExtractorT2 mexdone 11:39 · typical 9:36
    49. LazarusLazarus
    50. Wind ×2
    51. TickTick
    52. Wind ×3
    53. TickTick
    54. Wind
    55. TickTick
    56. Wind ×2
    57. TickTick
    58. Advanced Metal ExtractorT2 mex
    59. Wind
    60. TickTick
    61. Wind
    62. TickTick
    63. Wind
    64. TickTick
    65. Wind
    66. Advanced Metal ExtractorT2 mex
    67. Wind ×2
    68. TickTick
    69. Wind ×2
    70. LazarusLazarus
    71. Wind ×2
    72. LazarusLazarus
    73. Wind
    74. TickTick
    75. Wind
    76. LazarusLazarus
    77. Advanced Metal ExtractorT2 mex
    78. TickTick ×3
    79. Wind
    80. TickTick ×3
    81. Con turret
    82. TickTick ×2
    83. Wind
    84. TickTick ×2
    85. LazarusLazarus
    86. TickTick
    87. Wind
    88. TickTick ×6
    89. Wind
    90. TickTick ×3
    91. LazarusLazarus
    92. Pit BullPit Bull
    93. TickTick ×2
    94. Wind
    95. TickTick ×3
    96. Wind
    97. TickTick ×4
    98. Wind
    99. TickTick
    100. LazarusLazarus
    101. Sneaky PeteSneaky Pete
    102. TickTick ×2
    103. Wind
    104. TickTick ×6
    105. Wind
    106. TickTick ×2
    107. LazarusLazarus
    108. Wind
    109. TickTick ×2
    110. RattlesnakeRattlesnakenot finished by 15:00
    111. TickTick

Counts are medians over the build's games: half of them build more, half fewer. The example game is Hazzow's (45 OS, 06/08/2026); pick another.

Team trades

IN AT LEAST 30% OF ITS GAMES

You hand over

Nothing regular.

You get

  • Tidal Generator4 Tidal from Pondfirst at 0:10 · in 69% of games
  • Advanced Construction Bot1 T2 con bot from Geo or Techfirst at 7:30 · in 59% of games

How it plays out

Typical game of this build, running totals by minute

Metal produced

010k20k30k
0:005:0010:0015:00

metal

Enemy metal destroyed

05k10k
0:005:0010:0015:00

metal

Own metal lost

05k10k
0:005:0010:0015:00

metal

1550 games.

Show as table
ByMetal produced: This buildEnemy metal destroyed: This buildOwn metal lost: This build
1:0022600
2:0088900
3:002051180106
4:003161660496
5:00424314171026
6:00543423001787
7:00667231752706
8:00792440303613
9:00931647974495
10:001069854325318
11:001225359116059
12:001410665186829
13:001622670297536
14:001809577098373
15:002043283489240
WHAT THE NUMBERS SAY

Standard suicide front play wins slightly more than half its games with fast kills but also fast losses, matching the raw grind of the role.

  • + First kill lands by 2:04 in all games
  • + Metal produced reaches 19882 by 15:00
  • − Own metal lost hits 9208 by 15:00, near metal destroyed of 8172
  • − First unit lost as early as 2:08 in every game
THE EXAMPLE YOU ARE READING

Hazzow

45.0 OS · 06/08/2026

Open source match ↗

14 received units · includes a constructor
242 metal received · 30535 energy received

Allied construction assistance is unknown. Timings are observations, not a promise of solo reproducibility.

Typical milestones

Bot Lab0:20Middle 50%: 0:20–0:33 · n=1543
Advanced Metal Extractor9:36Middle 50%: 8:42–10:48 · n=1143

Played most by

_X_253games of this buildPlatinumBlonde181games of this buildXad127games of this buildImmort74games of this buildwatermeloans60games of this build